 Dungeon Crawl Stone Soup version 0.29.1-15-g9cfb28693d (webtiles) character file.

Game seed: 8236916010429347568

88 Peloso the Trooper (level 4, -2/41 HPs)
             Began as a Minotaur Fighter on Apr 6, 2023.
             Succumbed to Jessica's poison
             ... on level 3 of the Dungeon.
             The game lasted 00:03:21 (2221 turns).

Peloso the Trooper (Minotaur Fighter)               Turns: 2221, Time: 00:03:22

Health: -2/41      AC:  8    Str: 20    XL:     4   Next: 29%
Magic:  3/3        EV:  9    Int:  5    God:
Gold:   123        SH:  5    Dex: 12    Spells: 3/3 levels left

rFire   . . .      SeeInvis .   a - +1 long sword
rCold   . . .      Faith    .   d - +0 buckler
rNeg    . . .      Spirit   .   b - +0 scale mail
rPois   .          Reflect  .   (helmet restricted)
rElec   .          Harm     .   (no cloak)
rCorr   .          Rampage  .   c - +0 pair of gloves
Will    .....                   (no boots)
Stlth   ..........              (no amulet)
HPRegen 0.93/turn               (no ring)
MPRegen 0.08/turn               (no ring)

@: lethally poisoned (-2 -> -12)
A: horns 2, retaliatory headbutt, regeneration 1
a: no special abilities


You were on level 3 of the Dungeon.
You visited 1 branch of the dungeon, and saw 3 of its levels.

You collected 123 gold pieces.

Inventory:

Hand Weapons
 a - a +1 long sword (weapon)
Armour
 b - a +0 scale mail (worn)
 c - a +0 pair of gloves (worn)
 d - a +0 buckler (worn)
Jewellery
 i - a +4 ring of evasion
 m - an amulet of reflection
Scrolls
 f - 3 scrolls of teleportation
 g - a scroll of enchant weapon
 k - a scroll of fear {unknown}
Potions
 e - 2 potions of flight
 h - a potion of might


   Skills:
 + Level 4.5 Fighting
 + Level 3.1 Long Blades
 + Level 4.4 Armour
 + Level 0.1 Dodging
 + Level 0.7 Stealth
 + Level 4.1 Shields


You had 3 spell levels left.
You didn't know any spells.
Your spell library was empty.

Dungeon Overview and Level Annotations

Branches:
Dungeon (3/15)

Altars:


Innate Abilities, Weirdness & Mutations

You have a pair of horns on your head.
You reflexively headbutt those who attack you in melee.
Your natural rate of healing is unusually fast.


Message History

Jessica points at you and mumbles some strange words.
Pain shoots through your body!
You closely miss Jessica. Your headbutt misses Jessica.
Jessica is moderately wounded.
Jessica gestures wildly while chanting.
Jessica blinks!
Jessica points at you and mumbles some strange words.
Pain shoots through your body!
* * * LOW HITPOINT WARNING * * *
It was a potion of mutation.
You feel extremely strange.
You begin to heal more quickly.
It was a potion of curing.
You feel better.
Jessica mumbles some strange words.
Jessica blinks!
Jessica casts a spell.
Jessica blinks!
You see here a +0 whip.
Jessica gestures wildly while chanting.
Jessica blinks!
Jessica casts a spell.
Jessica seems to speed up.
You block Jessica's attack.
Jessica hits you with a +2 dagger of venom.
You are poisoned.
You hit Jessica.
Jessica is moderately wounded.
You feel very sick.
Jessica hits you with a +2 dagger of venom.
* * * LOW HITPOINT WARNING * * *
You are lethally poisoned!
Jessica hits you but does no damage.
You are more poisoned.
You slash Jessica!
You kill Jessica!
* * * LOW HITPOINT WARNING * * *
You feel extremely sick.
You have reached level 4!
You feel agile.
Okay, then.
You die...

#........#.####.
#........#.####.
#........#......
#..........#####
#########........####.
............#...###...
.......)......###.....
............###.......
.......@.....)........
.##.........##........
#..........#.....#..
#..........##.......
.............#.......
............#.##......
....#########..#......
.... #.##...## . .###


There were no monsters in sight!

Vanquished Creatures
  Jessica (D:3)
  2 adders
  A worm (D:2)
  5 ball pythons (D:1)
  5 bats
  3 endoplasms (D:1)
  3 giant cockroaches
  3 goblins
  3 hobgoblins (D:2)
  2 quokkas
  2 frilled lizards
  5 kobolds
  4 rats
39 creatures vanquished.

Notes
Turn   | Place    | Note
-------+----------+-------------------------------------------
     0 | D:1      | Peloso the Minotaur Fighter began the quest for the Orb.
     0 | D:1      | Reached XP level 1. HP: 19/19 MP: 0/0
   195 | D:1      | Reached XP level 2. HP: 21/27 MP: 1/1
  1104 | D:1      | Found a faded altar of an unknown god.
  1190 | D:2      | Found Taqaz's Armour Emporium.
  1204 | D:2      | Reached XP level 3. HP: 21/33 MP: 2/2
  1471 | D:2      | Found Ykaochax's Weapon Shoppe.
  2197 | D:3      | Noticed Jessica
  2207 | D:3      | HP: 1/33 [Jessica/nerve-wracking pain (9)]
  2209 | D:3      | Gained mutation: Your natural rate of healing is unusually
                  | fast. [potion of mutation]
  2220 | D:3      | Killed Jessica
  2220 | D:3      | HP: 1/33 [poisoned by Jessica]
  2221 | D:3      | Reached XP level 4. HP: 1/41 MP: 3/3
  2221 | D:3      | Succumbed to Jessica's poison

Illustrated notes

Levels and vault maps discovered:
D:1:      lemuel_arrival_funnel, layout_loops_cross,
          dilly_ecumenical_altar_fadedgnrine
D:2:      layout_loops_cross, serial_shops, nicolae_shop_bloodbath_and_beyond,
          nicolae_shop_hallway_plus
D:3:      minmay_skewed_foursquare, layout_basic, ebering_ghost_inner_flame,
          uniq_jessica

Skill      XL: |  1  2  3 |
---------------+----------+-----
Shields        | 4 |  4.1
Fighting       | 4 |  4.5
Long Blades    | 3 |  3.1
Armour         | 4 |  4.4
Dodging        | |  0.1
Stealth        | |  0.7

Action                   |  1- 3 |  4- 6 || total
-------------------------+-------+-------++-------
Melee: Long sword        |    97 |       ||    97
       Headbutt          |    10 |       ||    10
  Use: Scroll            |     4 |       ||     4
       Potion            |     2 |       ||     2
Armor: Scale mail        |    55 |       ||    55
Dodge: Dodged            |    49 |       ||    49
Block: Buckler           |    27 |       ||    27
